 Dungeon Crawl Stone Soup version 0.29-a0-96-g93358da72b (webtiles) character file.

Game seed: 6214939591861913004

1655 dracfodder the Cudgeller (level 9, -8/59 HPs)
             Began as a Gargoyle Berserker on Feb 11, 2022.
             Was a Priest of Trog.
             Mangled by a troll (13 damage)
             ... on level 7 of the Dungeon.
             The game lasted 00:34:06 (8162 turns).

dracfodder the Cudgeller (Gargoyle Berserker)       Turns: 8162, Time: 00:34:06

Health: -8/59      AC: 16    Str: 24    XL:     9   Next: 0%
Magic:  9/9        EV: 11    Int:  7    God:    Trog [***...]
Gold:   265        SH:  0    Dex:  9    Spells: 8/8 levels left

rFire   . . .      SeeInvis +   c - +1 hand axe (vorpal)
rCold   . . .      Faith    .   (no shield)
rNeg    + . .      Spirit   .   o - +0 ring mail
rPois   ∞          Reflect  .   i - +1 helmet
rElec   +          Harm     .   v - +0 cloak {rCorr}
rCorr   +          Rampage  .   (no gloves)
Will    ++...                   (no boots)
Stlth   +.........              (no amulet)
HPRegen 1.19/turn               f - ring of see invisible
MPRegen 0.11/turn               (no ring)

@: strong-willed, on berserk cooldown, regenerating, hasted and slowed
A: sickness immunity, AC +6, negative energy resistance 1, electricity
resistance, torment resistance 1, petrification resistance, robust 1, weak 1
a: Renounce Religion, Berserk, Trog's Hand


You were on level 7 of the Dungeon.
You worshipped Trog.
Trog was most pleased with you.
You visited 2 branches of the dungeon, and saw 8 of its levels.

You collected 265 gold pieces.

Inventory:

Hand Weapons
 a - a +6 club
 b - a +0 hunting sling
 c - a +1 vorpal hand axe (weapon)
 u - a +4 quarterstaff of chaos
Missiles
 d - 130 stones (quivered)
 p - 54 bolts
 q - 100 arrows
 s - 16 sling bullets
 t - 6 curare-tipped darts
 x - 4 atropa-tipped darts
Armour
 i - a +1 helmet (worn)
 o - a +0 ring mail (worn)
 v - a +0 cloak of preservation (worn)
Jewellery
 e - a +6 ring of dexterity
 f - a ring of see invisible (left hand)
 g - a +6 ring of intelligence
Wands
 m - a wand of flame (29)
 y - a wand of acid (11)
 B - a wand of polymorph (5)
Scrolls
 j - 5 scrolls of identify
 w - a scroll of teleportation
 A - a scroll of fog
Potions
 h - a potion of berserk rage
 k - a potion of experience {unknown}
 l - 3 potions of curing
 n - a potion of haste
 r - a potion of flight
 z - a potion of heal wounds {unknown}
 C - a potion of resistance {unknown}
 D - a potion of might {unknown}


   Skills:
 + Level 5.5 Fighting
 + Level 3.1(5.0) Axes
 + Level 6.7(7.1) Maces & Flails
 + Level 3.0 Slings
 + Level 5.7 Armour
 + Level 3.7 Dodging
 + Level 0.6 Stealth


You had 8 spell levels left.
You didn't know any spells.
Your spell library was empty.

Dungeon Overview and Level Annotations

Branches:
Dungeon (7/15)             Temple (1/1) D:6

Altars:
Ashenzari
Cheibriados
Dithmenos
Elyvilon
Fedhas
Gozag
Hepliaklqana
Kikubaaqudgha
Makhleb
Nemelex Xobeh
Okawaru
Qazlal
Ru
Sif Muna
Trog
Uskayaw
Vehumet
Wu Jian
Xom
Yredelemnul
Zin
The Shining One

Shops:
D:5 [


Innate Abilities, Weirdness & Mutations

You are immune to sickness and miasma.
Your stone body is resilient. (AC +6)
You are immune to poison.
You resist negative energy. (rN+)
You are resistant to electric shocks. (rElec)
You are resistant to unholy torment.
You are immune to petrification.
You are robust. (+10% HP)
You are weak. (Str -2)


Message History

The troll closely misses you. x2
The sky beast hits you but does no damage.
The centaur shoots an arrow.
The arrow misses the sky beast.
The arrow closely misses you.
The gnoll sergeant hits you with a +0 trident!
The troll misses you. The troll barely misses you. The troll claws you!
* * * LOW HITPOINT WARNING * * *
The sky beast misses you.
You barely miss the sky beast.
The sky beast is heavily wounded.
You closely miss the orc wizard.
You hit the gnoll sergeant but do no damage.
You hit the troll but do no damage.
The centaur shoots an arrow.
The arrow barely misses the sky beast.
The arrow closely misses you.
The orc wizard hits you but does no damage.
The centaur shoots an arrow.
The arrow hits the sky beast.
The gnoll sergeant barely misses you. The troll bites you but does no damage.
The troll barely misses you. The troll closely misses you.
The sky beast closely misses you.
The orc wizard hits you but does no damage.
The centaur shoots an arrow.
The arrow hits the sky beast!
The sky beast dies!
The gnoll sergeant hits you with a +0 trident.
* * * LOW HITPOINT WARNING * * *
You have reached level 9!
Your experience leads to an increase in your attributes!
Your base attributes are Str 24, Int 7, Dex 9.
Increase (S)trength, (I)ntelligence, or (D)exterity?
You feel stronger. x2
You feel yourself speed up. The troll misses you. The troll claws you!
* * * LOW HITPOINT WARNING * * *
The troll claws you.
* * * LOW HITPOINT WARNING * * *
The centaur shoots an arrow.
The arrow hits you.
* * * LOW HITPOINT WARNING * * *
The orc wizard barely misses you.
A gnoll sergeant comes into view. It is wielding a +2 spear of pain.
The gnoll sergeant hits you but does no damage.
The troll bites you!
You die...

..####.#
......
$.#..
#.#.#
#...#
#.###...#
#....c><#
>...##†o#
# #@g#
##T.#
..)...
#..?..#..#
#..#...#.#
###..##.#
.#
..g.....#
.# ## #<#
# #.....#


You could see a troll, 2 gnoll sergeants, a centaur and an orc wizard
(invisible).

Vanquished Creatures
  Grinder (D:5)
  An orc warrior (D:5)
  An ogre (D:5)
  A centaur (D:4)
  3 scorpions
  5 hounds
  Crazy Yiuf (D:2)
  A centaur skeleton (D:7)
  A gnoll shaman (D:4)
  2 jellies
  Jessica (D:2)
  An iguana (D:5)
  5 orc wizards
  Natasha (thrice) (D:3)
  A hound zombie (D:5)
  3 hound skeletons
  Robin (D:3)
  14 gnolls
  9 adders
  A shadow imp (D:4)
  3 white imps
  An adder skeleton (D:4)
  3 worms
  3 dart slugs
  13 orcs
  5 ball pythons
  7 endoplasms
  3 giant cockroaches
  12 goblins
  8 hobgoblins
  9 jackals
  11 bats
  3 frilled lizards
  6 kobolds
  A quokka skeleton (D:4)
  6 rats
150 creatures vanquished.

Vanquished Creatures (others)
  A sky beast (D:7)
1 creature vanquished.

Grand Total: 151 creatures vanquished

Notes
Turn   | Place    | Note
-------+----------+-------------------------------------------
     0 | D:1      | dracfodder the Gargoyle Berserker began the quest for the
                  | Orb.
     0 | D:1      | Reached XP level 1. HP: 14/14 MP: 1/1
   220 | D:1      | Reached XP level 2. HP: 16/19 MP: 2/2
   958 | D:1      | Reached XP level 3. HP: 11/24 MP: 3/3
  1543 | D:2      | Found a runed translucent door.
  1544 | D:2      | Noticed Crazy Yiuf
  1751 | D:2      | Reached ** piety under Trog
  2160 | D:2      | Reached XP level 4. HP: 13/29 MP: 4/4
  2687 | D:2      | Noticed Jessica
  2693 | D:2      | Killed Jessica
  2752 | D:2      | Reached XP level 5. HP: 29/33 MP: 5/5
  2948 | D:3      | Found a faded altar of an unknown god.
  2954 | D:3      | Reached skill level 4 in Maces & Flails
  3017 | D:3      | Noticed Robin
  3035 | D:3      | Killed Robin
  3101 | D:3      | Reached skill level 1 in Axes
  3101 | D:3      | Reached XP level 6. HP: 33/38 MP: 6/6
  3412 | D:2      | Killed Crazy Yiuf
  3828 | D:3      | Noticed Natasha
  3835 | D:3      | Killed Natasha
  3900 | D:3      | Noticed Natasha
  3907 | D:3      | Killed Natasha
  3996 | D:3      | Noticed Natasha
  4002 | D:3      | Killed Natasha
  4085 | D:4      | Reached XP level 7. HP: 40/43 MP: 7/7
  4572 | D:4      | Reached skill level 5 in Maces & Flails
  4602 | D:5      | Entered Level 5 of the Dungeon
  4607 | D:5      | Gained mutation: Your magical capacity is low. (-10% MP)
                  | [potion of mutation]
  4607 | D:5      | Gained mutation: You have sharp toenails. [potion of
                  | mutation]
  4607 | D:5      | Gained mutation: You are robust. (+10% HP) [potion of
                  | mutation]
  4608 | D:5      | Lost mutation: Your magical capacity is low. (-10% MP)
                  | [potion of mutation]
  4608 | D:5      | Lost mutation: You are robust. (+10% HP) [potion of
                  | mutation]
  4608 | D:5      | Lost mutation: You have sharp toenails. [potion of
                  | mutation]
  4608 | D:5      | Gained mutation: You are weak. (Str -2) [potion of
                  | mutation]
  4608 | D:5      | Gained mutation: You are robust. (+10% HP) [potion of
                  | mutation]
  4720 | D:5      | Reached *** piety under Trog
  4747 | D:5      | Noticed Grinder
  4760 | D:5      | Paralysed by Grinder for 6 turns
  4767 | D:5      | Paralysed by Grinder for 3 turns
  4774 | D:5      | Killed Grinder
  4775 | D:5      | Reached skill level 1 in Slings
  4857 | D:5      | Reached XP level 8. HP: 49/52 MP: 8/8
  4980 | D:5      | Reached skill level 6 in Maces & Flails
  5204 | D:5      | Reached skill level 5 in Armour
  5349 | D:5      | Found Yhom's Antique Armour Shop.
  5916 | D:4      | Found an iron altar of Okawaru.
  5958 | D:4      | Reached skill level 5 in Fighting
  7082 | D:7      | Noticed a troll
  7605 | D:6      | Found a staircase to the Ecumenical Temple.
  7624 | Temple   | Entered the Ecumenical Temple
  8162 | D:7      | Reached XP level 9. HP: 16/59 MP: 9/9
  8162 | D:7      | Mangled by a troll

Illustrated notes

Levels and vault maps discovered:
D:1:      lemuel_arrival_funnel, layout_basic, minmay_tromino_i4
D:2:      layout_basic, minivault_19, uniq_jessica, uniq_crazy_yiuf_cottage
D:3:      layout_rooms, ebering_ecumenical_altar_webs, uniq_natasha, uniq_robin
D:4:      layout_basic, lemuel_crystal_altar, minmay_crossroads
D:5:      layout_basic, serial_shops, nicolae_stop_n_shop_2, uniq_grinder
D:6:      layout_basic, minmay_temple_entry_enclosed_plants,
          serial_corexii_hall, chequers_hall_statues_wall_a,
          chequers_hall_statues_y, minmay_misc_feat_chi
D:7:      layout_loops_ring, uniq_pikel, uniq_joseph, uniq_prince_ribbit1
Temple:   nicolae_temple_the_god_donut

Skill      XL: |  1  2  3  4  5  6  7  8 |
---------------+-------------------------+-----
Dodging        | 2 3 |  3.7
Fighting       | 4 5 |  5.5
Maces & Flails | 4 5 6 |  6.7
Armour         | 3 4 5 |  5.7
Axes           | 1 2 3 |  3.1
Slings         | 1 3 |  3.0
Stealth        | |  0.6

Action                   |  1- 3 |  4- 6 |  7- 9 || total
-------------------------+-------+-------+-------++-------
Melee: Mace              |   161 |    31 |       ||   192
       Punch             |     1 |     2 |     1 ||     4
       Club              |       |    63 |   253 ||   316
       Hand axe          |       |    38 |     8 ||    46
 Fire: Hunting sling     |     3 |     6 |    25 ||    34
Invok: Berserk           |       |     5 |     3 ||     8
       Trog's Hand       |       |       |     1 ||     1
  Use: Scroll            |       |    13 |     3 ||    16
       Potion            |       |       |     3 ||     3
 Stab: Sleeping          |     1 |       |       ||     1
Armor: Animal skin       |    81 |       |       ||    81
       Ring mail         |    35 |    94 |   127 ||   256
Dodge: Dodged            |   139 |   101 |   162 ||   402

Table legend: (Time is in decaauts)
 A = Elapsed time spent in this place.
 B = Non-inter-level travel time spent in this place.
 C = Inter-level travel time spent in this place.
 D = Time resting spent in this place.
 E = Time spent auto-exploring this place.
 F = Levels seen in this place.
 G = Mean time per level.
                   A        B        C        D        E       F      G
               +--------+--------+--------+--------+--------+-----+--------+
         Total |   8262 |   8110 |    152 |   1090 |   5174 |   8 | 1032.8 |
       Dungeon |   8000 |   7864 |    136 |   1090 |   4947 |   7 | 1142.9 |
        Temple |    261 |    245 |     16 |      0 |    227 |   1 |  261.0 |
               +--------+--------+--------+--------+--------+-----+--------+

Top non-repeatable levels by time:
     D:2: 2108 daAuts
     D:4: 1522 daAuts
     D:1: 1365 daAuts
     D:5: 1189 daAuts
     D:6: 1112 daAuts
     D:3: 670 daAuts
  Temple: 261 daAuts
     D:7: 31 daAuts
